 Dungeon Crawl Stone Soup version 0.19.5 (webtiles) character file.

60 Monsterracer the Cudgeler (level 4, 0/45 HPs)
             Began as an Ogre Assassin on July 3, 2017.
             Succumbed to an adder's poison
             ... on level 2 of the Dungeon.
             The game lasted 00:03:09 (1063 turns).

Monsterracer the Cudgeler (Ogre Assassin)           Turns: 1063, Time: 00:03:10

Health: 0/45       AC:  4    Str: 16    XL:     4   Next: 6%
Magic:  4/4        EV:  9    Int: 10    God:
Gold:   42         SH:  0    Dex: 12    Spells: 0 memorised, 3 levels left

rFire  . . .     SeeInvis .     j - +0 whip
rCold  . . .     Gourm    .     c - +0 robe
rNeg   . . .     Faith    .     (no shield)
rPois  +         Spirit   .     (helmet restricted)
rElec  .         Reflect  .     d - +0 cloak
rCorr  .         Harm     .     (gloves unavailable)
MR     .....                    (boots unavailable)
Stlth  ++........               (no amulet)
                                (no ring)
                                (no ring)

@: lethally poisoned (0 -> -2)
A: unfitting armour, poison resistance, tough skin 1, evolution 1, MP-powered
wands
a: no special abilities


You were on level 2 of the Dungeon.
You were hungry.

You visited 1 branch of the dungeon, and saw 2 of its levels.

You collected 42 gold pieces.

Inventory:

Hand Weapons
 b - a +0 blowgun
 j - a +0 whip (weapon)
Missiles
 e - 25 poisoned needles
 f - 2 curare-tipped needles
Armour
 c - a +0 robe (worn)
 d - a +0 cloak (worn)
Scrolls
 a - 2 scrolls of teleportation {unknown}
 i - a scroll of fear {unknown}
Comestibles
 g - a bread ration


   Skills:
 - Level 3.1 Fighting
   Level 1.2 Short Blades
 + Level 4.3 Maces & Flails
 - Level 2.0 Throwing
 - Level 0.8 Dodging
 - Level 2.9 Stealth


You had 3 spell levels left.
You didn't know any spells.

Dungeon Overview and Level Annotations

Branches:
Dungeon (2/15)

Altars:
Xom


Innate Abilities, Weirdness & Mutations

You are too large for most types of armour.
You have tough skin. (AC +1)
Your system is resistant to poisons. (rPois)
You evolve.
You expend magic power (3 MP) to strengthen your wands.


Message History

* * * LOW HITPOINT WARNING * * *
Huge Dmg: -19%(-7hp) hp: 9%(3hp)
You barely miss the adder.
The adder is almost dead.
The adder bites you but does no damage.
You closely miss the adder.
The adder is almost dead.
The adder bites you.
* * * LOW HITPOINT WARNING * * *
Huge Dmg: -6%(-2hp) hp: 3%(1hp)
You aren't carrying any potions.
You barely miss the adder.
The adder is almost dead.
The adder barely misses you.
You whack the adder!
You kill the adder!
You have reached level 4!
* * * LOW HITPOINT WARNING * * *
You feel sick.
You die...

#... ...## ## ###
#<..# # .. ..# #...#
#. . #.# #...# #..#.
#.# #...#
#....##.######...#.#
##.......#....<.....#
.......@.........####
##..#.##.#..........#
.. #.#####....#.# #..
#.# #....# # #. ..#
#....# # ### .......
.....#.# ......#


There were no monsters in sight!

Vanquished Creatures
  3 adders (D:2)
  An ooze (D:1)
  2 leopard geckos (D:1)
  2 ball pythons (D:1)
  2 giant cockroaches (D:1)
  2 goblins (D:1)
  4 kobolds (D:1)
  8 bats (D:1)
  4 rats (D:1)
28 creatures vanquished.

Notes
Turn   | Place    | Note
-------+----------+-------------------------------------------
     0 | D:1      | Monsterracer the Ogre Assassin began the quest for the Orb.
     0 | D:1      | Reached XP level 1. HP: 22/22 MP: 1/1
    64 | D:1      | Reached skill level 1 in Maces & Flails
    64 | D:1      | Reached XP level 2. HP: 24/31 MP: 2/2
    69 | D:1      | Gained mutation: Your system is resistant to poisons. (rPois) [potion of mutation]
    69 | D:1      | Gained mutation: You evolve. [potion of mutation]
    69 | D:1      | Gained mutation: You expend magic power (3 MP) to strengthen your wands. [potion of mutation]
   167 | D:1      | Reached skill level 2 in Maces & Flails
   380 | D:1      | Reached XP level 3. HP: 36/37 MP: 3/3
   396 | D:1      | Reached skill level 3 in Maces & Flails
   448 | D:1      | Found a shimmering altar of Xom.
   950 | D:2      | Reached skill level 4 in Maces & Flails
  1057 | D:2      | HP: 1/37 [adder (2)]
  1059 | D:2      | Reached XP level 4. HP: 1/45 MP: 4/4
  1063 | D:2      | Succumbed to an adder's poison

Skill      XL: |  1  2  3 |
---------------+----------+-----
Fighting       | 3 |  3.1
Maces & Flails | 1 2 4 |  4.3
Short Blades   | |  1.2
Throwing       | |  2.0
Dodging        | |  0.8
Stealth        | |  2.9

Action                   |  1- 3 |  4- 6 || total
-------------------------+-------+-------++-------
Melee: Dagger            |    13 |       ||    13
       Club              |    69 |       ||    69
       Whip              |    60 |       ||    60
  Use: Potion            |     1 |       ||     1
 Stab: Sleeping          |     5 |       ||     5
Armor: Robe              |    75 |       ||    75
Dodge: Dodged            |    90 |       ||    90
